 Dungeon Crawl Stone Soup version 0.27-a0-1136-g0b992a5a9d (webtiles) character file.

Game seed: 9031676438675511619

9 sanka the Ducker (level 2, 20/20 HPs)
             Began as a Djinni Gladiator on May 5, 2021.
             Was a Follower of Hepliaklqana.
             Quit the game on level 1 of the Dungeon.
             The game lasted 00:01:02 (917 turns).

sanka the Ducker (Djinni Gladiator)                  Turns: 917, Time: 00:01:02

Health: 20/20      AC:  4    Str: 13    XL:     2   Next: 16%
Gold:   56         EV: 12    Int:  9    God:    Hepliaklqana [*.....] SH:  0 Dex: 14

rFire    + + .     SeeInvis .   a - +0 long sword
rCold    x . .     Faith    .   (no shield)
rNeg     . . .     Spirit   .   b - +0 leather armour
rPois    ∞         Reflect  .   c - +0 helmet
rElec    .         Harm     .   (no cloak)
rCorr    .         Rampage  .   (no gloves)
Will     .....                  (boots unavailable)
Stlth    +.........             (no amulet)
HPRegen  0.06/turn              (no ring)
MPRegen  0.00/turn              (no ring)

@: flying
A: reduced essence, sickness immunity, fire resistance 2, cold vulnerability 1,
float, innate caster, hp casting, extra vitality 1
a: Renounce Religion, Recall Ancestor, Ancestor Identity


You were on level 1 of the Dungeon.
You worshipped Hepliaklqana.
Hepliaklqana was aware of your devotion.
You visited 1 branch of the dungeon, and saw 1 of its levels.

You collected 56 gold pieces.


Innate Abilities, Weirdness & Mutations

Your life essence is reduced to manifest your ancestor. (-10% HP)
You are immune to sickness and miasma.
You are immune to poison.
Your flesh is very heat resistant. (rF++)
You are vulnerable to cold. (rC-)
You float through the air rather than walking.
You learn spells naturally, not from books.
Your magical power is your life essence.
You have superior vitality. (+4 HP)


   Skills:
 + Level 2.2 Fighting
 + Level 2.9 Long Blades
 - Level 1.5 Throwing
 + Level 3.5 Dodging


You had one spell level left.
You didn't know any spells.
Your spell library was empty.

Inventory:

Hand Weapons
 a - a +0 long sword (weapon)
Missiles
 d - 3 throwing nets (quivered) {=f}
Armour
 b - a +0 leather armour (worn)
 c - a +0 helmet (worn)
Scrolls
 e - a scroll of immolation {unknown}
 f - a scroll of vulnerability {unknown}

Dungeon Overview and Level Annotations

Branches:
Dungeon (1/15)

Altars:
Hepliaklqana

.............▒▒▒.▒
▒▒▒▒▒▒▒▒▒▒▒▒..▒▒.▒
▒▒▒▒..▒▒.▒
▒......▒.▒
▒.▒▒▒▒.▒.▒ ▒.▒
▒.▒.▒▒▒ ▒.▒
▒.....▒ ▒.▒
▒▒.R▒.▒
▒▒▒▒▒▒▒▒▒.▒ ▒.R▒.▒
.#......▒.▒ ▒▒▒▒.▒
▒.#.▒▒▒.▒.▒ ▒.▒
..#...▒.▒.▒ ▒(▒
..#)..▒.▒.▒ ▒.▒
...▒.(▒.▒.▒ ▒.▒
...†....▒.▒ ▒.▒
......▒▒▒.▒ ▒.▒
..........▒ ▒.▒


You could see the friendly Aula the ancestor.


Message History

You riposte.
You barely miss the rat.
The rat is heavily wounded.
The rat barely misses you.
You barely miss the rat.
The rat is heavily wounded.
The rat bites you.
You hit the rat.
You kill the rat!
No target in view!
No target in view!
You see here a rat corpse.
Found a robe.
You see here a +0 robe.
Things that are here:
a +0 dagger; 2 stones
Things that are here:
a +0 dagger; 2 stones
There is an open door here.
There is a fountain of clear blue water here.
Done exploring.
No target in view!
No target in view!
No target in view!
No target in view!
Done exploring.
There is a fountain of clear blue water here.
There is an open door here.
There is a stone staircase leading down here.
Are you sure you want to abandon this character and quit the game? (Confirm with "yes".)

Action                   || total
-------------------------++-------
Melee: Long sword        ||    25
Armor: Leather armour    ||    11
Dodge: Dodged            ||    20
       Rpst.: Long sword ||     6

Levels and vault maps discovered:
D:1:      ncdulo_halloftheorcs, layout_basic, ebering_ecumenical_altar_mist

Notes
Turn   | Place    | Note
-------+----------+-------------------------------------------
     0 | D:1      | sanka the Djinni Gladiator began the quest for the Orb.
     0 | D:1      | Reached XP level 1. HP: 18/18 MP: 0/0
   345 | D:1      | Reached XP level 2. HP: 20/23 MP: 0/0
   484 | D:1      | Found a faded altar of an unknown god.
   628 | D:1      | Became a worshipper of Hepliaklqana the Forgotten
   628 | D:1      | Reached * piety under Hepliaklqana
   917 | D:1      | Quit the game

Vanquished Creatures
  A bat (D:1)
  2 giant cockroaches (D:1)
  A goblin (D:1)
  A hobgoblin (D:1)
  A kobold (D:1)
  3 rats (D:1)
9 creatures vanquished.
